 Dungeon Crawl Stone Soup version 0.24.1-14-gf8d2b509d9 (webtiles) character file.

Game seed: 14036070583896657921, levelgen mode: deterministic

43 Descartes the Charmwright (level 3, -2/16 HPs)
             Began as a Felid Skald on June 1, 2020.
             Slain by a kobold (3 damage)
             ... on level 2 of the Dungeon.
             The game lasted 00:01:53 (1207 turns).

Descartes the Charmwright (Felid Skald)             Turns: 1207, Time: 00:01:53

Health: -2/16      AC:  1    Str:  8    XL:     3   Next: 37%
Magic:  7/7        EV: 18    Int: 14    God:
Gold:   68         SH:  0    Dex: 15    Spells: 5/6 levels left
                                        Lives:  0   Deaths: 0

rFire    . . .     SeeInvis +     - Unarmed
rCold    . . .     Gourm    .   (shield unavailable)
rNeg     . . .     Faith    .   (armour unavailable)
rPois    .         Spirit   .   (helmet unavailable)
rElec    .         Reflect  .   (cloak unavailable)
rCorr    .         Harm     .   (gloves unavailable)
MR       .....                  (boots unavailable)
Stlth    +++.......             (no amulet)
HPRegen  0.05/turn              (no ring)
MPRegen  0.10/turn              (no ring)

@: quick
A: very small, no armour, no weapons or thrown items, stealth, claws 1, fangs 3,
see invisible, carnivore, speed 1, shaggy fur 1, slow metabolism 1, sharp paws
a: no special abilities


You were on level 2 of the Dungeon.
You were completely stuffed.

You visited 1 branch of the dungeon, and saw 2 of its levels.

You collected 68 gold pieces.

Inventory:

Missiles
 j - 17 arrows
Scrolls
 a - 2 scrolls of enchant weapon {unknown}
 c - a scroll of teleportation {unknown}
 f - a scroll of random uselessness {unknown}
Potions
 d - a potion of magic {unknown}
 e - 2 potions of degeneration {unknown}
 g - a potion of experience {unknown}
 i - a potion of agility {unknown}
Comestibles
 b - 3 rations
 h - 8 chunks of flesh


   Skills:
 - Level 2.0 Fighting
 - Level 3.2 Dodging
 * Level 3.4 Stealth
 - Level 2.0 Unarmed Combat
 + Level 2.4 Spellcasting
 - Level 4.0 Charms


You had 5 spell levels left.
You knew the following spells:

 Your Spells              Type           Power        Failure   Level  Hunger
a - Infusion              Chrm           ##..         4%          1    #......

Your spell library contained the following spells:

 Spells                   Type           Power        Failure   Level  Hunger
 Song of Slaying          Chrm           ##......     7%          2    ###....
 Shroud of Golubria       Chrm/Tloc      #.....       16%         2    ###....
 Regeneration             Chrm/Necr      #.........   30%         3    ###....
 Spectral Weapon          Hex/Chrm       Unusable     N/A         3    N/A

Dungeon Overview and Level Annotations

Branches:
Dungeon (2/15)

Altars:


Innate Abilities, Weirdness & Mutations

You cannot wear armour.
You are incapable of wielding weapons or throwing items.
Your paws allow you to move quietly. (Stealth)
You have sharp claws.
You have razor-sharp teeth.
You have supernaturally acute eyesight. (SInv)
You are carnivorous and can eat meat at any time.
You cover ground quickly.
You are covered in fur. (AC +1)
You have a slow metabolism.
Your sharp claws are effective at attacking unaware monsters.


Message History

The kobold throws a stone.
The stone closely misses you. The kobold misses you.
You scratch the kobold.
The kobold is moderately wounded.
The kobold hits you.
* * * LOW HITPOINT WARNING * * *
You scratch the kobold. You bite the kobold, but do no damage.
The kobold is severely wounded.
The kobold closely misses you.
You barely miss the kobold. Your bite misses the kobold.
The kobold is severely wounded.
The kobold closely misses you.
You barely miss the kobold.
The kobold is severely wounded.
The kobold hits you.
* * * LOW HITPOINT WARNING * * *
You barely miss the kobold.
The kobold is severely wounded.
The kobold hits you.
You die...

## ##.# ##...##
##.....#####
####..........#####
#............K@..(#
#.####...####(###.#
#.# ##.# #.# # #.#
#. #.# #.# # #.#
##.#####.# #.#
#........# #.#
##..###########.#
....# #......#


You could see a kobold.

Vanquished Creatures
  A worker ant zombie (D:2)
  An ooze (D:1)
  A dart slug (D:1)
  6 goblins
  2 hobgoblins
  5 bats (D:1)
  A frilled lizard (D:1)
  2 kobolds (D:1)
  7 rats
26 creatures vanquished.

Notes
Turn   | Place    | Note
-------+----------+-------------------------------------------
     0 | D:1      | Descartes the Felid Skald began the quest for the Orb.
     0 | D:1      | Reached XP level 1. HP: 9/9 MP: 4/4
   156 | D:1      | Reached skill level 1 in Stealth
   260 | D:1      | Reached XP level 2. HP: 13/13 MP: 6/6
   426 | D:1      | Reached skill level 4 in Charms
   917 | D:1      | Reached XP level 3. HP: 13/16 MP: 7/7
  1207 | D:2      | Slain by a kobold

Levels and vault maps discovered:
D:1:      elethiomel_arrival_shortcut, layout_loops_ring
D:2:      layout_loops_ring, yredelemnul_altar_generic, lemuel_doored_altar,
          grunt_ministairs_14

Skill      XL: |  1  2  3 |
---------------+----------+-----
Stealth        | 1 2 3 |  3.4
Charms         | 4 |  4.0
Fighting       | |  2.0
Dodging        | |  3.2
Unarmed Combat | |  2.0
Spellcasting   | |  2.4

Action                   || total
-------------------------++-------
Melee: Unarmed           ||    76
       Punch             ||     1
       Bite              ||     7
 Stab: Sleeping          ||     6
  Eat: Chunk             ||     8
Armor: Skin              ||     1
Dodge: Dodged            ||    54
